 Dungeon Crawl Stone Soup version 0.23-a0-629-gae4348f (console) character file.

124 bli the Chopper (level 4, -3/40 HPs)
             Began as a Draconian Monk on Dec 25, 2018.
             Slain by an ice beast (9 damage)
             ... on level 3 of the Dungeon.
             The game lasted 00:05:49 (2162 turns).

bli the Chopper (Draconian Monk)                    Turns: 2162, Time: 00:05:50

Health: -3/40      AC:  9    Str: 14    XL:     4   Next: 81%
Magic:  4/4        EV: 13    Int: 10    God:
Gold:   83         SH:  0    Dex: 14    Spells: 3/3 levels left

rFire    . . .     SeeInvis .   a - +0 war axe
rCold    . . .     Gourm    .   (no shield)
rNeg     . . .     Faith    .   (armour unavailable)
rPois    .         Spirit   .   m - +0 hat
rElec    .         Reflect  .   (no cloak)
rCorr    .         Harm     .   (no gloves)
MR       .....     Rnd*Tele +   (no boots)
Stlth    ++........             (no amulet)
HPRegen  0.13/turn              v - +4 ring of protection
MPRegen  0.09/turn              d - ring of teleportation (curse)

@: slowed, very slow
A: unfitting armour, cold-blooded, AC +5
a: no special abilities


You were on level 3 of the Dungeon.
You were not hungry.

You visited 1 branch of the dungeon, and saw 3 of its levels.

You collected 83 gold pieces.

Inventory:

Hand Weapons
 a - a +0 war axe (weapon)
 i - a +0 whip
 j - a +0 spear
 y - a +0 hand axe
Missiles
 k - 135 stones (quivered)
Armour
 m - a +0 hat (worn)
Jewellery
 d - a cursed ring of teleportation (right hand)
 o - a +4 ring of evasion
 v - a +4 ring of protection (left hand)
 w - a +1 ring of protection
Scrolls
 c - a scroll of amnesia {unknown}
 f - 2 scrolls of identify
 l - 2 scrolls of remove curse {unknown}
 n - a scroll of fear {unknown}
 r - a scroll of teleportation {unknown}
 s - a scroll of blinking {unknown}
 u - a scroll of enchant weapon {unknown}
Potions
 e - a potion of lignification {unknown}
 g - a potion of agility {unknown}
 p - 2 potions of heal wounds {unknown}
 q - a potion of might {unknown}
 t - a potion of flight
 x - a potion of experience {unknown}
 z - a potion of curing {unknown}
Comestibles
 b - 7 rations
 h - 11 chunks of flesh


   Skills:
 * Level 4.2 Fighting
 * Level 5.0 Axes
 - Level 2.6 Dodging
 - Level 1.7 Stealth


You had 3 spell levels left.
You didn't know any spells.
Your spell library was empty.

Dungeon Overview and Level Annotations

Branches:
Dungeon (3/15)

Altars:

Annotations:
D:3 Robin


Innate Abilities, Weirdness & Mutations

Your plain brown scales are hard. (AC +5)
You cannot fit into any form of body armour.
You are cold-blooded and may be slowed by cold attacks.


Message History

You closely miss Robin. You hit the orc but do no damage.
You barely miss the The goblin no longer looks unusually strong.
The orc hits you but does no damage. The rat bites you but does no damage.
The You completely miss the goblin.
The goblin is heavily wounded.
You hit the rat but do no damage. You hit the orc.
You kill the orc!
You barely miss Robin.
The goblin no longer looks unusually strong.
Robin hits you but does no damage. The rat closely misses you.
The goblin hits The ice beast completely misses you.
You slash Robin!
Your tail-slap misses Robin.
Robin is severely wounded.
You slash the goblin!
You kill the goblin!
You barely miss the rat. You barely miss the ice beast.
Robin drinks a potion.
The rat bites you but does no damage. The ice beast hits you.
* * * LOW HITPOINT WARNING * * *
The ice beast freezes you!
You feel yourself slow down.
You die... ... ..# ###..## #.....## #...... #Kggg#

############rYgo# ##
#..........##@# ..#
#..........##)# ...#
#..........##.#....#
####.รท.#####.......#
#...#..###...######
#.####.##..#..# #.#
#..#.###.# ##.#
##....# ... ##..#
#.......... # #..##
#............# # #.##
#............#


You could see an ice beast, Robin, an orc, 3 goblins, a kobold and a rat.

Vanquished Creatures
  An orc priest (D:3)
  An adder (D:2)
  2 worms (D:2)
  3 dart slugs
  4 orcs (D:3)
  2 ball pythons
  3 giant cockroaches
  15 goblins
  10 hobgoblins
  3 jackals (D:1)
  4 bats
  3 frilled lizards
  6 kobolds
  5 rats
62 creatures vanquished.

Notes
Turn   | Place    | Note
-------+----------+-------------------------------------------
     0 | D:1      | bli the Draconian Monk began the quest for the Orb.
     0 | D:1      | Reached XP level 1. HP: 19/19 MP: 1/1
   281 | D:1      | Reached XP level 2. HP: 26/26 MP: 2/2
   946 | D:2      | Reached XP level 3. HP: 33/33 MP: 3/3
   978 | D:2      | Reached skill level 4 in Axes
  1979 | D:3      | Reached XP level 4. HP: 33/40 MP: 4/4
  2147 | D:3      | Noticed Robin
  2154 | D:3      | Reached skill level 5 in Axes
  2154 | D:3      | Noticed an ice beast
  2162 | D:3      | Slain by an ice beast

Vault maps used:
D:1:      lemuel_arrival_hallway
D:2:      nrook_uturn, st_stairs_1, minmay_misc_feat_secret_circle,
          corexii_hall_statues_t
D:3:      lemuel_doored_altar, vehumet_crystals, first_ration,
          corexii_corridor_pit, hangedman_decor_push, palyth_stone_intersect,
          uniq_robin

Skill      XL: |  1  2  3  4 |
---------------+-------------+-----
Axes           | 4 5 |  5.0
Fighting       | 4 |  4.2
Dodging        | |  2.6
Stealth        | |  1.7

Action                   |  1- 3 |  4- 6 || total
-------------------------+-------+-------++-------
Melee: Hand axe          |   143 |    15 ||   158
       Tailslap          |    12 |     4 ||    16
       War axe           |       |    20 ||    20
  Use: Scroll            |     1 |       ||     1
 Stab: Sleeping          |     5 |     1 ||     6
  Eat: Chunk             |     3 |     1 ||     4
Armor: Skin              |    42 |    22 ||    64
Dodge: Dodged            |   128 |    52 ||   180

Table legend:
 A = Non-vault XP
 B = Vault XP
 C = Vault XP percentage of total XP
 D = Non-vault monster count
 E = Vault monster count
 F = Vault count percentage of total count
                 A         B        C        D         E       F
            +---------+---------+-------+---------+---------+-------
      Total |     156 |      22 |  12.4 |      51 |      11 |  17.7
            +---------+---------+-------+---------+---------+-------
        D:1 |      34 |       0 |   0.0 |      19 |       0 |   0.0
        D:2 |      52 |       5 |   8.8 |      18 |       2 |  10.0
        D:3 |      70 |      17 |  19.5 |      14 |       9 |  39.1
            +---------+---------+-------+---------+---------+-------
